 Dungeon Crawl Stone Soup version 0.30-b1-2-g02819fbbbe (webtiles) character file.

Game seed: 18238320869730362897

13 Alarkh the Vexing (level 2, 21/21 HPs)
             Began as a Demonspawn Hexslinger on July 9, 2023.
             Got out of the dungeon alive.
             The game lasted 00:00:28 (319 turns).

Alarkh the Vexing (Demonspawn Hexslinger)            Turns: 319, Time: 00:00:28

Health: 21/21      AC:  4    Str: 10    XL:     2   Next: 24%
Magic:  3/3        EV: 12    Int: 14    God:
Gold:   44         SH:  0    Dex: 13    Spells: 2/3 levels left

rFire   . . .        a - +1 sling
rCold   . . .        (no shield)
rNeg    . . .        c - +0 robe
rPois   .            (no helmet)
rElec   .            (no cloak)
rCorr   .            (no gloves)
SInv    .            (no boots)
Will    .....        (no amulet)
Stlth   +            (no ring)
HPRegen 0.23/turn    (no ring)
MPRegen 0.08/turn

%: no passive effects
@: no status effects
A: molten scales 1
a: no special abilities


You escaped.
You visited 1 branch of the dungeon, and saw 1 of its levels.

You collected 44 gold pieces.

Inventory:

Hand Weapons
 a - a +1 sling (weapon)
Armour
 c - a +0 robe (worn)
Scrolls
 b - a scroll of poison
 d - a scroll of identify {unknown}


   Skills:
 + Level 1.5 Fighting
 * Level 2.4 Ranged Weapons
 - Level 1.7 Dodging
 - Level 1.0 Spellcasting
 - Level 3.0 Hexes


You had 2 spell levels left.
You knew the following spells:

 Your Spells              Type           Power      Damage    Failure   Level
a - Slow                  Hex            36%        N/A       8%          1

Your spell library contained the following spells:

 Spells                   Type           Power      Damage    Failure   Level
 Inner Flame              Hex/Fire       4%         N/A       38%         3
 Portal Projectile        Hex/Tloc       8%         N/A       38%         3
 Cause Fear               Hex            4%         N/A       58%         4


Dungeon Overview and Level Annotations

Branches:
Dungeon (1/15)

Altars:


Innate Abilities, Weirdness & Mutations

You are partially covered in molten scales. (AC +2)


Message History

The jackal barely misses you. The jackal bites you.
You shoot a sling bullet. The sling bullet hits the jackal.
You kill the jackal!
The jackal barely misses you.
You have reached level 2!
Your demonic ancestry asserts itself...
Molten scales grow over part of your body.
You shoot a sling bullet. The sling bullet hits the jackal.
The jackal is almost dead.
The jackal barely misses you.
The jackal bites you but does no damage.
You shoot a sling bullet.
The sling bullet closely misses the jackal.
The sling bullet hits the jackal but does no damage.
The jackal is severely wounded.
The jackal misses you.
You shoot a sling bullet. The sling bullet hits the jackal!
You kill the jackal!
The jackal barely misses you.
You shoot a sling bullet. The sling bullet misses the jackal.
The sling bullet barely misses the jackal.
The jackal bites you but does no damage. x2
You shoot a sling bullet. The sling bullet hits the jackal.
The jackal is moderately wounded.
The jackal closely misses you.
The jackal bites you but does no damage.
You shoot a sling bullet. The sling bullet hits the jackal.
You kill the jackal!
You shoot a sling bullet.
The sling bullet closely misses the jackal.
The jackal closely misses you. x2
You shoot a sling bullet. The sling bullet hits the jackal.
You kill the jackal!
Things that are here:
a jackal corpse; a jackal corpse Unknown command.
You see here a rat corpse.
There is a staircase leading out of the dungeon here.
Are you sure you want to leave the Dungeon?
This will make you lose the game!
You have escaped!

#.#..#
..#.......#
#.#..#
#.#.#.#####
#.#..#
#.#.#.....#
###..#
#.#.#####.# #..#
#.#.# ..#.#
#..#####.#.#
#.#.#
#..#.....).#
#.#.#
#..#######.#
#.#.#
#..........#
#@#.#
###..#######.#
#.#.#
.....#.......#
#.#.#
####.#.#####.#
#...# ..##.# #.#
##### ..##.# #.#
..##.# #.#####.#
..##.# #.......#
.# ..#
.#######.#######
.#


There were no monsters in sight!

Vanquished Creatures
  A bat (D:1)
  An endoplasm (D:1)
  A giant cockroach (D:1)
  4 jackals (D:1)
  A quokka (D:1)
  A ball python (D:1)
  2 rats (D:1)
11 creatures vanquished.

Notes
Turn   | Place    | Note
-------+----------+-------------------------------------------
     0 | D:1      | Alarkh the Demonspawn Hexslinger began the quest for the
                  | Orb.
     0 | D:1      | Reached XP level 1. HP: 15/15 MP: 2/2
   258 | D:1      | Gained mutation: You are partially covered in molten
                  | scales. (AC +2) [demonic ancestry]
   258 | D:1      | Reached XP level 2. HP: 19/21 MP: 3/3
   319 | D:$      | Got out of the dungeon alive.

Illustrated notes

Levels and vault maps discovered:
D:1:      matt_arrival_spirals, layout_basic

Skill      XL: |  1 |
---------------+----+-----
Ranged Weapons | 2 |  2.4
Fighting       | |  1.5
Dodging        | |  1.7
Spellcasting   | |  1.0
Hexes          | |  3.0

Action                     || total
---------------------------++-------
   Fire: Sling             ||    42
 Armour: Robe              ||     7
  Dodge: Dodged            ||    20
